 Dungeon Crawl Stone Soup version 0.24-a0-525-g9231cdcba1 (webtiles) character file.

Game seed: 4881906952040066696

489 Flugkiller the Sneak (level 7, -1/73 HPs)
             Began as an Octopode Assassin on July 31, 2019.
             Was a Follower of Uskayaw.
             Slain by a hound (6 damage)
             ... on level 5 of the Dungeon.
             The game lasted 00:04:35 (3953 turns).

Flugkiller the Sneak (Octopode Assassin)            Turns: 3953, Time: 00:04:35

Health: -1/73      AC:  1    Str: 15    XL:     7   Next: 14%
Magic:  7/7        EV: 15    Int: 13    God:    Uskayaw [*.....]
Gold:   231        SH:  0    Dex: 16    Spells: 6/6 levels left

rFire    . . .     SeeInvis .   r - +1 rapier (holy)
rCold    . . .     Gourm    .   (no shield)
rNeg     . . .     Faith    .   (helmet restricted)
rPois    .         Spirit   .   (no amulet)
rElec    .         Reflect  .   (no ring)
rCorr    .         Harm     .   (no ring)
MR       .....                  (no ring)
Stlth    ..........             (no ring)
HPRegen  0.22/turn              (no ring)
MPRegen  0.10/turn              (no ring)
                                (no ring)
                                (no ring)

@: berserking, hasted, very quick
A: almost no armour, stealthy swim, amphibious, 8 rings, constrict 8, camouflage
1, gelatinous body 1
a: Stomp, Renounce Religion


You were on level 5 of the Dungeon.
You worshipped Uskayaw.
Uskayaw was noncommittal.
You were not hungry.

You visited 2 branches of the dungeon, and saw 6 of its levels.

You collected 231 gold pieces.

Inventory:

Hand Weapons
 a - a +2 dagger
 r - a +1 rapier of holy wrath (weapon)
   (You took it off Eustachio on level 4 of the Dungeon)
Missiles
 b - 35 poisoned darts (quivered)
 c - 2 curare-tipped darts
Jewellery
 h - a +2 ring of protection {unknown}
   (You found it on level 1 of the Dungeon)
Wands
 s - a wand of acid (9)
   (You found it on level 4 of the Dungeon)
Scrolls
 e - 4 scrolls of identify {unknown}
 f - 4 scrolls of immolation {unknown}
 g - 4 scrolls of teleportation {unknown}
 j - a scroll of random uselessness {unknown}
 l - a scroll of amnesia {unknown}
 p - a scroll of remove curse {unknown}
Potions
 m - a potion of brilliance
 n - a potion of ambrosia {unknown}
 o - a potion of curing {unknown}
Comestibles
 d - 4 rations
 i - 3 chunks of flesh


   Skills:
 + Level 4.5 Fighting
 + Level 4.5 Short Blades
 - Level 2.0 Throwing
 + Level 4.1 Dodging
 - Level 5.3 Stealth


You had 6 spell levels left.
You didn't know any spells.
Your spell library contained the following spells:

 Spells                   Type           Power        Failure   Level  Hunger
 Freeze                   Ice            #...         30%         1    ##.....
 Magic Dart               Conj           #...         30%         1    ##.....
 Blink                    Tloc           N/A          43%         2    ###....
 Call Imp                 Summ           #.......     43%         2    ###....
 Slow                     Hex            #.......     43%         2    ###....
 Throw Frost              Conj/Ice       #.....       43%         2    ###....
 Conjure Flame            Conj/Fire      #.......     67%         3    ####...
 Mephitic Cloud           Conj/Pois/Air  #.......     67%         3    ####...
 Ozocubu's Armour         Chrm/Ice       #.......     67%         3    ####...
 Summon Ice Beast         Ice/Summ       #.......     97%         4    #####..
 Throw Icicle             Conj/Ice       #.......     97%         4    #####..


Dungeon Overview and Level Annotations

Branches:
Dungeon (5/15)             Temple (1/1) D:5

Altars:
Dithmenos
Fedhas
Gozag
Hepliaklqana
Kikubaaqudgha
Makhleb
Okawaru
Sif Muna
Trog
Uskayaw

Annotations:
D:4 exclusion: phantom


Innate Abilities, Weirdness & Mutations

You cannot wear most types of armour.
You are very stealthy in the water. (Stealth+)
You are amphibious.
You can wear up to eight rings at the same time.
You can use your tentacles to constrict eight enemies at once.
Your skin changes colour to match your surroundings (Stealth+).
Your rubbery body absorbs attacks. (AC +1, EV +1)


Message History

The hound is lightly wounded.
You constrict the hound. The hound bites you but does no damage.
The hound closely misses you.
Unknown command.
You barely miss the hound.
The hound is lightly wounded.
You constrict the hound, but do no damage.
The hound misses you.
You hit the hound.
The hound is moderately wounded.
You constrict the hound, but do no damage.
The hound barely misses you.
You completely miss the hound. You squeeze the hound.
The hound is heavily wounded.
You constrict the hound. The hound bites you.
* * * LOW HITPOINT WARNING * * *
The hound bites you.
* * * LOW HITPOINT WARNING * * *
The hound barks!
You can now pass through a line of other dancers.
You puncture the hound!
You kill the hound!
Unknown command.
It was a potion of brilliance.
You feel clever all of a sudden. The hound closely misses you.
The hound bites you.
* * * LOW HITPOINT WARNING * * *
It was a potion of cancellation.
Your magical effects are unravelling.
You feel magically purged.
You feel a little less clever now. The hound closely misses you.
Unknown command.
It was a potion of haste.
You feel yourself speed up. The hound bites you.
* * * LOW HITPOINT WARNING * * *
The hound completely misses you.
Press: ? - help, v - describe, . - travel
Here: a hound The floor.
You can no longer pass through a line of other dancers.
You see here a +0 scale mail.
Unknown command.
It was a potion of berserk rage.
A red film seems to cover your vision as you go berserk!
You feel yourself moving faster!
You feel mighty!
Unknown command.
You hit the hound. Your grab misses the hound.
The hound is moderately wounded.
The hound bites you.
You die...

...#.# .###.#.###########.#
..>................h
###.###........# #.##### .
#...#.#.#.#<[#.# #.#...##.#
#...#...#.#.##.# #...# .#.#
#.#.#.###.#..#.# ##...# ...#
#.....# #.#.##.###...###...#..
###.### #.#.##@##........?...
#.#####.#.##h#...#.....#.
#..............###..>..#
#####<#####...####...#..รท..#.
.....###....#.#
##............. ...#.#
#.##.#..........###...###
##.#.###.##.#########...# ..##
#........##.# ##..# ....
####.####...... ##... ....


You could see a hound.

Vanquished Creatures
  Eustachio (D:4)
  A howler monkey (D:4)
  A bullfrog zombie (D:5)
  A hound (D:5)
  An iguana (D:5)
  Natasha (thrice) (D:4)
  7 adders
  An ooze (D:3)
  2 worms
  A dart slug (D:1)
  3 leopard geckos
  5 orcs
  3 giant cockroaches
  8 goblins
  9 hobgoblins
  A quokka (D:3)
  3 ball pythons
  9 bats
  5 frilled lizards
  7 kobolds
  A quokka zombie (D:2)
  8 rats
81 creatures vanquished.

Notes
Turn   | Place    | Note
-------+----------+-------------------------------------------
     0 | D:1      | Flugkiller the Octopode Assassin began the quest for the
                  | Orb.
     0 | D:1      | Reached XP level 1. HP: 14/14 MP: 1/1
   119 | D:1      | Reached XP level 2. HP: 7/19 MP: 2/2
   843 | D:2      | Reached XP level 3. HP: 15/25 MP: 3/3
  1285 | D:2      | Found an opulent altar of Gozag.
  1402 | D:2      | Reached XP level 4. HP: 30/30 MP: 4/4
  2575 | D:3      | Reached XP level 5. HP: 36/36 MP: 5/5
  2907 | D:4      | Noticed a phantom
  3181 | D:4      | Noticed Eustachio
  3192 | D:4      | Killed Eustachio
  3192 | D:4      | Reached XP level 6. HP: 26/43 MP: 6/6
  3519 | D:4      | Noticed Natasha
  3534 | D:4      | Killed Natasha
  3582 | D:4      | Noticed Natasha
  3588 | D:4      | Killed Natasha
  3606 | D:4      | Noticed Natasha
  3616 | D:4      | Killed Natasha
  3824 | D:5      | Entered Level 5 of the Dungeon
  3879 | D:5      | Found a staircase to the Ecumenical Temple.
  3893 | Temple   | Entered the Ecumenical Temple
  3898 | Temple   | Became a worshipper of Uskayaw the Reveler
  3906 | D:5      | Reached XP level 7. HP: 43/49 MP: 7/7
  3910 | D:5      | Reached * piety under Uskayaw
  3913 | D:5      | Reached ** piety under Uskayaw
  3936 | D:5      | HP: 2/49 [hound (4)]
  3953 | D:5      | Slain by a hound

Levels and vault maps discovered:
D:1:      lemuel_arrival_lava_pool, layout_rooms, serial_bayou_crossing
D:2:      layout_rooms, lemuel_doored_altar
D:3:      layout_basic, first_ration
D:4:      layout_basic, kennysheep_generic_room_7, uniq_natasha, uniq_eustachio
D:5:      layout_basic, minmay_temple_entry_tees, grunt_qazlal_clouds
Temple:   compressed_dpeg_triangle_lava_temple

Skill      XL: |  1  2  3  4  5  6 |
---------------+-------------------+-----
Dodging        | 2 3 4 |  4.1
Fighting       | 3 4 |  4.5
Short Blades   | 3 4 |  4.5
Throwing       | |  2.0
Stealth        | |  5.3

Action                   |  1- 3 |  4- 6 |  7- 9 || total
-------------------------+-------+-------+-------++-------
Melee: Dagger            |    70 |    69 |       ||   139
       Constrict         |    19 |    22 |     2 ||    43
       Tentacles         |     7 |    15 |     4 ||    26
       Rapier            |       |    20 |    13 ||    33
Throw: Dart              |       |     3 |       ||     3
  Use: Potion            |       |       |     4 ||     4
 Stab: Sleeping          |    12 |    14 |       ||    26
  Eat: Chunk             |     1 |     8 |       ||     9
Armor: Skin              |     6 |     3 |     1 ||    10
Dodge: Dodged            |    47 |    41 |     8 ||    96

Table legend:
 A = Non-vault XP
 B = Vault XP
 C = Vault XP percentage of total XP
 D = Non-vault monster count
 E = Vault monster count
 F = Vault count percentage of total count
                 A         B        C        D         E       F
            +---------+---------+-------+---------+---------+-------
      Total |     412 |     287 |  41.1 |      78 |       3 |   3.7
            +---------+---------+-------+---------+---------+-------
        D:1 |      29 |       0 |   0.0 |      17 |       0 |   0.0
        D:2 |      55 |       0 |   0.0 |      21 |       0 |   0.0
        D:3 |      82 |       0 |   0.0 |      28 |       0 |   0.0
        D:4 |      98 |     287 |  74.5 |       5 |       3 |  37.5
        D:5 |     148 |       0 |   0.0 |       7 |       0 |   0.0
            +---------+---------+-------+---------+---------+-------
